 Dungeon Crawl Stone Soup version 0.27-a0-1312-g5cdb2b3542 (webtiles) character file.

Game seed: 2457347071060734547

0 flotson the Sneak (level 1, -11/18 HPs)
             Began as a Demonspawn Delver on June 20, 2021.
             Killed by divine providence
             ... invoked by an orc priest
              (14 damage)
             ... on level 4 of the Dungeon.
             The game lasted 00:00:49 (105 turns).

flotson the Sneak (Demonspawn Delver)                Turns: 105, Time: 00:00:51

Health: -11/18     AC:  6    Str: 12    XL:     1   Next: 0%
Magic:  1/1        EV:  9    Int: 11    God:
Gold:   9          SH:  0    Dex: 14    Spells: 0/0 levels left

rFire    . . .     SeeInvis .   a - +0 hand axe
rCold    . . .     Faith    .   (no shield)
rNeg     . . .     Spirit   .   d - +0 scale mail
rPois    .         Reflect  .   (no helmet)
rElec    .         Harm     .   (no cloak)
rCorr    .         Rampage  .   (no gloves)
Will     .....                  (no boots)
Stlth    +.........             (no amulet)
HPRegen  0.06/turn              (no ring)
MPRegen  0.07/turn              (no ring)

@: hasted, very quick
A: no striking features
a: no special abilities


You were on level 4 of the Dungeon.
You visited 1 branch of the dungeon, and saw 2 of its levels.

You collected 9 gold pieces.

Inventory:

Hand Weapons
 a - a +0 hand axe (weapon)
Armour
 d - a +0 scale mail (worn)
Wands
 g - a wand of digging (1)
Scrolls
 c - a scroll of fog
 e - a scroll of fear
Potions
 b - a potion of heal wounds {unknown}


   Skills:
 + Level 3.0 Fighting
 + Level 1.7 Axes
 + Level 0.0 Armour
 + Level 1.7 Dodging
 - Level 4.5 Stealth


You couldn't memorise any spells.
You didn't know any spells.
Your spell library was empty.

Dungeon Overview and Level Annotations

Branches:
Dungeon (5/15)             Temple (0/1) D:5

Altars:
Qazlal


Message History

The orc priest barely misses you.
The howler monkey hits you but does no damage.
You climb upwards.
You hear the hiss of flowing sand.
There is an entrance to an ossuary on this level.
Hurry and find it before the portal is buried!
Reactivating autopickup.
There is a stone staircase leading down here.
Unknown command.
You feel yourself speed up. The howler monkey hits you.
The orc priest hits you but does no damage.
You bump into the rock wall.
The howler monkey hits you. The orc priest hits you with a +0 whip.
* * * LOW HITPOINT WARNING * * *
Unknown command.
You hit the orc priest.
The orc priest is lightly wounded.
You barely miss the howler monkey.
The howler monkey hoots and howls with incredible vigour!
You hear a shout! x5
You slash the orc priest!
The orc priest is severely wounded.
You hit the howler monkey but do no damage.
The orc priest hits you but does no damage.
The howler monkey hits you.
* * * LOW HITPOINT WARNING * * *
The orc priest barely misses you.
You bump into the rock wall.
You feel less confused.
The howler monkey hits you but does no damage.
You hit the howler monkey.
The howler monkey is lightly wounded.
The howler monkey hits you.
* * * LOW HITPOINT WARNING * * *
You slash the howler monkey!
The howler monkey is heavily wounded.
The howler monkey misses you.
The orc priest invokes the aid of Beogh against you.
Beogh smites you!
Ouch! That really hurt!
You die...

... .. ..
##. #.. #.#
#.#########
#oh@.......
#.#########
#.# #.# #.#
#.# ... ###


You could see a howler monkey and an orc priest.

Vanquished Creatures (others)
  A fungus (D:5)
  4 plants (D:5)
5 creatures vanquished.

Notes
Turn   | Place    | Note
-------+----------+-------------------------------------------
     0 | D:5      | flotson the Demonspawn Delver began the quest for the Orb.
     0 | D:5      | Reached XP level 1. HP: 18/18 MP: 1/1
     2 | D:5      | Found a stormy altar of Qazlal.
    37 | D:5      | Noticed an orc priest
    84 | D:5      | Noticed an orc wizard
    87 | D:5      | Noticed a howler monkey
    88 | D:5      | Noticed an orc priest
   105 | D:4      | Killed from afar by an orc priest

Illustrated notes

Levels and vault maps discovered:
D:4:      layout_basic, nicolae_ossuary_entry_monument, fountainhead, uniq_robin
D:5:      layout_loops_cross, nicolae_overflow_hidden_temple, temple_statues,
          chequers_big_river, kennysheep_doodads, minmay_gold_behind_fungi,
          chequers_jeans, uniq_duvessa

Action                   || total
-------------------------++-------
Melee: Hand axe          ||     5
Evoke: Wand              ||     2
  Use: Scroll            ||     1
       Potion            ||     1
Armor: Scale mail        ||     7
Dodge: Dodged            ||     6

Table legend: (Time is in decaauts)
 A = Elapsed time spent in this place.
 B = Non-inter-level travel time spent in this place.
 C = Inter-level travel time spent in this place.
 D = Time resting spent in this place.
 E = Time spent auto-exploring this place.
 F = Levels seen in this place.
 G = Mean time per level.
                   A        B        C        D        E       F      G
               +--------+--------+--------+--------+--------+-----+--------+
         Total |    103 |    103 |      0 |      0 |     32 |   2 |   51.5 |
       Dungeon |    103 |    103 |      0 |      0 |     32 |   2 |   51.5 |
               +--------+--------+--------+--------+--------+-----+--------+

Top non-repeatable levels by time:
     D:5: 96 daAuts
     D:4: 6 daAuts
